 Dungeon Crawl Stone Soup version 0.28-a0-643-g84cb2ea78e (webtiles) character file.

Game seed: 18323980628117450496

209 Irenicus the Geomancer (level 5, 29/42 HPs)
             Began as a Deep Dwarf Earth Elementalist on Oct 10, 2021.
             Quit the game on level 3 of the Dungeon.
             The game lasted 00:08:42 (1283 turns).

Irenicus the Geomancer (DDEE)                       Turns: 1283, Time: 00:08:43

Health: 29/42      AC:  3    Str: 11    XL:     5   Next: 55%
Magic:  6/6        EV: 11    Int: 17    God:
Gold:   14         SH:  0    Dex: 13    Spells: 4/7 levels left

rFire   + . .      SeeInvis .   e - +0 dagger
rCold   + . .      Faith    .   (no shield)
rNeg    + . .      Spirit   .   a - +0 leather armour
rPois   +          Reflect  .   (no helmet)
rElec   +          Harm     .   (no cloak)
rCorr   +          Rampage  .   (no gloves)
Will    .....                   (no boots)
Stlth   ++........              (no amulet)
HPRegen 0.00/turn               N - ring of positive energy
MPRegen 0.10/turn               (no ring)

@: resistant
A: damage resistance, heal wounds, sense surroundings 1, no regeneration
a: Heal Wounds


You were on level 3 of the Dungeon.
You visited 1 branch of the dungeon, and saw 3 of its levels.

You collected 14 gold pieces.


Innate Abilities, Weirdness & Mutations

You are resistant to damage.
You can heal yourself by infusing magical energy.
You passively map a small area around you.
You do not regenerate.


   Skills:
 - Level 2.1 Dodging
 - Level 2.4 Stealth
 - Level 1.7 Spellcasting
 - Level 0.8 Transmutations
 + Level 8.4 Earth Magic


You had 4 spell levels left.
You knew the following spells:

 Your Spells              Type           Power      Damage    Failure   Level
w - Passwall              Tmut/Erth      14%        N/A       6%          2
z - Sandblast             Erth           60%        2d14      1%          1

Your spell library contained the following spells:

 Spells                   Type           Power      Damage    Failure   Level
 Stone Arrow              Conj/Erth      30%        3d8       14%         3
 Static Discharge         Conj/Air       1%         N/A       36%         2
 Petrify                  Tmut/Erth      17%        N/A       36%         4
 Lightning Bolt           Conj/Air       0%         1d11      100%        5
 Maxwell's Capacitive Co  Air            0%         ∞         100%        8

Inventory:

Hand Weapons
 e - a +0 dagger (weapon)
Missiles
 c - 75 stones
 d - 5 silver boomerangs
Armour
 a - a +0 leather armour (worn)
Jewellery
 N - a ring of positive energy (left hand)
Scrolls
 f - a scroll of teleportation {unknown}
Potions
 b - a potion of resistance

Dungeon Overview and Level Annotations

Branches:
Dungeon (3/15)

Altars:

Shops:
D:1

(*** * * , , , ,, *
..... , , ....# , ,
*#...# * ,, , #...# ,
* #...# #...# # #...#
.##. , ,
#.#######@..##.... *
#.......o.........
..........>........,*
*.....o..........<..
, ...#####.#...#.###*
.., #.#...#.# .
#.#...# # ** ,
#.#.<.# * , , ,, , *
#.......# *


You could see an orc wizard and an orc.


Message History

The rat bites you.
You hit the rat.
You kill the rat!
You see here a rat corpse.
There is a stone staircase leading down here.
You climb downwards.
Found an escape hatch in the floor.
There is a stone staircase leading up here.
Found a stone staircase leading up.
An orc comes into view. It is wielding a +0 short sword.
The orc shouts!
You hear a shout!
Casting: Passwall (safe; 6% risk of failure)
Confirm with . or Enter, or press ? or * to list all spells.
You can't see any susceptible monsters within range! (Use Z to cast anyway.) Unknown command.
An orc and an orc wizard come into view.
The orc wizard is wielding a +0 dagger of distortion.
The orc wizard casts a spell at you. The magic dart hits you.
* * * LOW HITPOINT WARNING * * *
The orc moves out of view.
Casting: Passwall (safe; 6% risk of failure)
Confirm with . or Enter, or press ? or * to list all spells.
You don't know that spell.
It was a potion of resistance.
You feel protected.
Use which ability? (? or * to list)
Your magical essence is drained by the effort!
You feel much better. The orc barely misses you.
Are you sure you want to abandon this character and quit the game? (Confirm with "yes".)

Skill      XL: |  1  2 |
---------------+-------+-----
Earth Magic    | 8 |  8.4
Dodging        | |  2.1
Stealth        | |  2.4
Spellcasting   | |  1.7
Transmutations | |  0.8

Action                   |  1- 3 |  4- 6 || total
-------------------------+-------+-------++-------
Melee: Unarmed           |    14 |       ||    14
       Dagger            |       |     9 ||     9
 Cast: Sandblast         |    22 |    22 ||    44
       Passwall          |       |    13 ||    13
 Abil: Heal Wounds       |       |     1 ||     1
  Use: Potion            |     3 |     1 ||     4
Armor: Leather armour    |     4 |     2 ||     6
Dodge: Dodged            |    10 |     7 ||    17

Levels and vault maps discovered:
D:1:      minmay_arrival_shattered_statue, layout_loops_cross, serial_shops,
          nicolae_shop_crystal, nicolae_shop_window_shopping, shop,
          nicolae_shop_crystal
D:2:      layout_basic, uniq_sigmund
D:3:      layout_loops_cross, shapermc_ecumenical_altar_pompeii,
          grunt_ministairs_4, minmay_misc_feat_more_columns, uniq_terence

Notes
Turn   | Place    | Note
-------+----------+-------------------------------------------
     0 | D:1      | Irenicus the Deep Dwarf Earth Elementalist began the quest
                  | for the Orb.
     0 | D:1      | Reached XP level 1. HP: 15/15 MP: 3/3
   267 | D:1      | Reached XP level 2. HP: 20/22 MP: 1/4
   296 | D:1      | Found Xukkuu's General Store.
   314 | D:1      | Found Samaptyc's General Store.
   319 | D:1      | Reached skill level 5 in Earth Magic
   361 | D:1      | Found Mules's Weapon Shoppe.
   397 | D:1      | Found Ovyafucu's Assorted Antiques.
   504 | D:2      | Noticed Sigmund
   532 | D:2      | Killed Sigmund
   533 | D:2      | Reached skill level 8 in Earth Magic
   533 | D:2      | Reached XP level 3. HP: 14/28 MP: 0/5
   533 | D:2      | Reached XP level 4. HP: 18/36 MP: 0/6
   533 | D:2      | Reached XP level 5. HP: 21/42 MP: 0/7
   718 | D:2      | Learned a level 2 spell: Passwall
  1281 | D:3      | Identified 2 potions of resistance
  1283 | D:3      | Quit the game

Vanquished Creatures
  Sigmund (D:2)
  An adder (D:2)
  A dart slug (D:2)
  A ball python (D:1)
  5 endoplasms
  3 giant cockroaches (D:2)
  A goblin (D:1)
  2 hobgoblins (D:1)
  A kobold (D:1)
  3 quokkas (D:2)
  7 bats
  6 frilled lizards
  5 rats
37 creatures vanquished.

Table legend: (Time is in decaauts)
 A = Elapsed time spent in this place.
 B = Non-inter-level travel time spent in this place.
 C = Inter-level travel time spent in this place.
 D = Time resting spent in this place.
 E = Time spent auto-exploring this place.
 F = Levels seen in this place.
 G = Mean time per level.
                   A        B        C        D        E       F      G
               +--------+--------+--------+--------+--------+-----+--------+
         Total |   1262 |   1213 |     49 |     75 |      0 |   3 |  420.7 |
       Dungeon |   1262 |   1213 |     49 |     75 |      0 |   3 |  420.7 |
               +--------+--------+--------+--------+--------+-----+--------+

Top non-repeatable levels by time:
     D:2: 755 daAuts
     D:1: 494 daAuts
     D:3: 12 daAuts

Table legend:
 A = Non-vault XP
 B = Vault XP
 C = Vault XP percentage of total XP
 D = Non-vault monster count
 E = Vault monster count
 F = Vault count percentage of total count
                 A         B        C        D         E       F
            +---------+---------+-------+---------+---------+-------
      Total |      72 |     227 |  75.9 |      36 |       1 |   2.7
            +---------+---------+-------+---------+---------+-------
        D:1 |      26 |       0 |   0.0 |      15 |       0 |   0.0
        D:2 |      46 |     227 |  83.2 |      21 |       1 |   4.5
            +---------+---------+-------+---------+---------+-------
